 Dungeon Crawl Stone Soup version 0.16.1-11-g651b585 (webtiles) character file.

1428 ztt the Shield-Bearer (level 8, 0/71 HPs)
             Began as a Minotaur Fighter on Mar 30, 2015.
             Was an Initiate of Okawaru.
             Slain by B1inky's ghost (14 damage)
             ... on level 6 of the Dungeon.
             The game lasted 00:07:03 (4081 turns).

ztt the Shield-Bearer (Minotaur Fighter)            Turns: 4081, Time: 00:07:03

Health: 0/71       AC:  9    Str: 24    XL:     8   Next: 44%
Magic:  3/3        EV: 16    Int:  5    God:    Okawaru [......]
Gold:   199        SH: 13    Dex: 14    Spells: 0 memorised, 7 levels left

rFire  . . .     SeeInvis .     a - +0 war axe
rCold  . . .     Clarity  .     b - +0 scale mail
rNeg   . . .     SustAb   .     c - +0 shield
rPois  .         Gourm    .     (helmet restricted)
rElec  .         Spirit   .     (no cloak)
rCorr  .         Warding  .     (no gloves)
rMut   .         Stasis   .     (no boots)
MR     .....                    (no amulet)
Stlth  +.........               (no ring)
                                (no ring)

@: agile, not resistant to hostile enchantments, very unstealthy
A: retaliatory headbutt, horns 2, large bone plates 1, mutation resistance 1
a: Renounce Religion


You were on level 6 of the Dungeon.
You worshipped Okawaru.
Okawaru was noncommittal.
You were not hungry.

You visited 2 branches of the dungeon, and saw 7 of its levels.

You collected 199 gold pieces.

Inventory:

Hand weapons
 a - a +0 war axe (weapon)
Armour
 b - a +0 scale mail (worn)
 c - a +0 shield (worn)
 v - a +0 chain mail
Jewellery
 l - an uncursed ring of protection from cold {unknown}
 p - an uncursed ring of flight {unknown}
 t - an uncursed ring of sustain abilities {unknown}
Magical devices
 f - a wand of draining (4)
 r - a wand of flame (0)
 u - a wand of digging (10)
 x - a wand of flame (21)
Scrolls
 e - a scroll of fog {unknown}
 g - a scroll of blinking {unknown}
 h - a scroll of enchant armour {unknown}
 i - 2 scrolls of noise {unknown}
 k - 5 scrolls of identify {unknown}
 m - a scroll of enchant weapon {unknown}
 n - 3 scrolls of remove curse {unknown}
 o - 2 scrolls of fear {unknown}
 B - a scroll of recharging {unknown}
Potions
 q - a potion of mutation
 s - a potion of agility
 w - a potion of curing {unknown}
Books
 y - a book of the Earth

   Spells                             Type                      Level
   a - Leda's Liquefaction            Hexes/Earth                  4
   b - Bolt of Magma                  Conjuration/Fire/Earth       5
   c - Statue Form                    Transmutation/Earth          6
   d - Iron Shot                      Conjuration/Earth            6
   e - Shatter                        Earth                        9
Comestibles
 d - 3 bread rations
 j - a meat ration
 z - a beef jerky
 A - 3 fruits


   Skills:
 + Level 6.9 Fighting
 + Level 5.5 Axes
 + Level 6.5 Armour
 + Level 4.4 Dodging
 + Level 0.6 Stealth
 + Level 7.2 Shields


You had 7 spell levels left.
You didn't know any spells.

Dungeon Overview and Level Annotations

Branches:
Dungeon (6/15)             Temple (1/1) D:4

Altars:
Ashenzari
Cheibriados
Dithmenos
Elyvilon
Fedhas
Makhleb
Nemelex Xobeh
Okawaru
Qazlal
Ru
Sif Muna
Trog
Vehumet
Xom
Yredelemnul
The Shining One

Shops:
D:4 *   D:6 [

Annotations:
D:6 B1inky's ghost, experienced FoFi


Innate Abilities, Weirdness & Mutations

You reflexively headbutt those who attack you in melee.
You have a pair of horns on your head.
You are partially covered in large bone plates (AC +2, SH +2).
You are somewhat resistant to further mutation.


Message History

B1inky's ghost is heavily damaged.
You block B1inky's ghost's attack. x2
You hit B1inky's ghost but do no damage.
B1inky's ghost is heavily damaged.
You block B1inky's ghost's attack.
You hit B1inky's ghost.
B1inky's ghost is heavily damaged.
B1inky's ghost hits you but does no damage.
You slash B1inky's ghost! You headbutt B1inky's ghost.
B1inky's ghost is heavily damaged.
You block B1inky's ghost's attack.
You hit B1inky's ghost but do no damage.
You headbutt B1inky's ghost.
B1inky's ghost is severely damaged.
B1inky's ghost hits you!
* * * LOW HITPOINT WARNING * * *
You hit B1inky's ghost but do no damage.
B1inky's ghost is severely damaged.
B1inky's ghost hits you!
You die...

........... #........#
............###.######
.>####......###.# ###
.........# .(...#...#
.. #...# #..$####
#......# #...@).#
#...W........
#...........
####........ .$.......
........ .......
#######


You could see B1inky's ghost.

Vanquished Creatures
  The ghost of Iceolator the Magician, an average DEWz (D:5)
  A water moccasin (D:4)
  A sky beast (D:6)
  A centaur (D:5)
  2 phantoms
  A giant frog (D:6)
  6 orc priests
  2 crimson imps
  An iguana (D:6)
  5 orc wizards
  3 worker ants
  A hound skeleton (D:4)
  A river rat (D:5)
  3 gnolls (D:5)
  6 adders
  A shadow imp (D:5)
  A giant mite (D:5)
  4 worms
  2 adder skeletons (D:4)
  7 giant geckos
  An ooze (D:2)
  10 orcs
  6 giant cockroaches
  6 hobgoblins
  5 quokkas
  4 ball pythons
  6 bats
  7 giant newts
  10 goblins
  8 kobolds
  14 rats
127 creatures vanquished.

Notes
Turn   | Place    | Note
--------------------------------------------------------------
     0 | D:1      | ztt, the Minotaur Fighter, began the quest for the Orb.
     0 | D:1      | Reached XP level 1. HP: 19/19 MP: 1/1
   241 | D:1      | Reached XP level 2. HP: 27/27 MP: 1/1
   379 | D:1      | Reached skill level 4 in Armour
   675 | D:2      | Reached XP level 3. HP: 24/33 MP: 2/2
   798 | D:2      | Reached XP level 4. HP: 18/41 MP: 2/2
   901 | D:2      | Found a snail-covered altar of Cheibriados.
   984 | D:2      | Reached skill level 1 in Dodging
  1166 | D:3      | Reached XP level 5. HP: 18/47 MP: 2/2
  1168 | D:3      | Reached skill level 5 in Armour
  1169 | D:3      | Reached skill level 5 in Fighting
  1377 | D:3      | Found a sacrificial altar of Ru.
  1475 | D:3      | Gained mutation: You are partially covered in large bone plates (AC +2, SH +2). [potion of mutation]
  1475 | D:3      | Gained mutation: You are somewhat resistant to further mutation. [potion of mutation]
  1518 | D:3      | Reached skill level 5 in Shields
  1579 | D:3      | Found a glowing golden altar of the Shining One.
  1775 | D:4      | Found a sacrificial altar of Ru.
  1870 | D:4      | Found a sparkling altar of Nemelex Xobeh.
  1870 | D:4      | Found a shadowy altar of Dithmenos.
  1947 | D:4      | Reached XP level 6. HP: 53/56 MP: 3/3
  2137 | D:4      | Found a staircase to the Ecumenical Temple.
  2213 | Temple   | Entered the Ecumenical Temple
  2497 | D:4      | Found Muogat's Serpentskin Sales.
  2498 | D:4      | Noticed a water moccasin
  2516 | D:4      | Killed a water moccasin
  2516 | D:4      | Reached XP level 7. HP: 8/62 MP: 3/3
  2527 | D:4      | HP: 3/62 [poisoned by a water moccasin]
  2533 | D:4      | HP: 2/62 [poisoned by a water moccasin]
  2541 | D:4      | HP: 2/62 [poisoned by a water moccasin]
  2876 | D:4      | Found a burning altar of Makhleb.
  2877 | D:4      | Found a radiant altar of Vehumet.
  3063 | D:5      | Entered Level 5 of the Dungeon
  3107 | D:5      | Reached skill level 6 in Fighting
  3205 | D:5      | Noticed Iceolator's ghost (average DEWz)
  3205 | D:5      | Found an iron altar of Okawaru.
  3212 | D:5      | Killed Iceolator's ghost
  3212 | D:5      | Reached skill level 5 in Axes
  3215 | D:5      | Became a worshipper of Warmaster Okawaru
  3335 | D:5      | Found a shattered altar of Ashenzari.
  3547 | D:5      | Reached XP level 8. HP: 43/71 MP: 3/3
  3650 | D:5      | Found a shadowy altar of Dithmenos.
  4020 | D:6      | Reached skill level 7 in Shields
  4045 | D:6      | Found Arieg's Antique Armour Boutique.
  4062 | D:6      | Noticed B1inky's ghost (experienced FoFi)
  4081 | D:6      | Slain by B1inky's ghost

Action                   |  1- 3 |  4- 6 |  7- 9 || total
-------------------------+-------+-------+-------++-------
Melee: War axe           |    69 |   142 |   183 ||   394
  Use: Potion            |       |     9 |     2 ||    11
 Stab: Sleeping          |       |     1 |       ||     1
  Eat: Fruit             |       |     3 |       ||     3
       Chunk             |       |     2 |     1 ||     3
       Bread ration      |       |       |     1 ||     1
       Pizza             |       |       |     1 ||     1
